 Dungeon Crawl Stone Soup version 0.29.1-15-g9cfb28693d (webtiles) character file.

Game seed: 11566799956441768350

969 devnull the Spear-Bearer (level 8, -4/56 HPs)
             Began as a Merfolk Gladiator on Apr 2, 2023.
             Was an Initiate of the Shining One.
             Splashed by a jelly's acid (7 damage)
             ... on level 5 of the Dungeon.
             The game lasted 00:14:09 (5668 turns).

devnull the Spear-Bearer (Merfolk Gladiator)        Turns: 5668, Time: 00:14:10

Health: -4/56      AC: -2    Str: 17    XL:     8   Next: 16%
Magic:  8/8        EV: 16    Int:  7    God:    the Shining One [......]
Gold:   184        SH:  0    Dex: 15    Spells: 7/7 levels left

rFire   . . .      SeeInvis .   a - +0 trident
rCold   . . .      Faith    .   (no shield)
rNeg    . . .      Spirit   .   x - +0 leather armour
rPois   .          Reflect  .   c - +1 helmet
rElec   .          Harm     .   (no cloak)
rCorr   .          Rampage  .   (no gloves)
Will    +....                   n - +0 pair of boots
Stlth   +.........              (no amulet)
HPRegen 0.18/turn               t - ring of willpower
MPRegen 0.11/turn               (no ring)

@: corroded, glowing
A: (nimble swimmer 2), mertail
a: Renounce Religion


You were on level 5 of the Dungeon.
You worshipped the Shining One.
The Shining One was noncommittal.
You visited 2 branches of the dungeon, and saw 6 of its levels.
You also visited: Sewer.

You collected 210 gold pieces.
You spent 26 gold pieces at shops.

Inventory:

Hand Weapons
 a - a +0 trident (weapon)
 b - the +5 mace of Dim Light {venom, +Blink rPois rC- Dex-5}
   (You found it on level 2 of the Dungeon)

   It poisons the flesh of those it strikes.
   Dex:       It affects your dexterity (-5).
   rC:        It makes you vulnerable to cold.
   rPois:     It protects you from poison.
   +Blink:    It lets you blink.
 w - a +1 flail of holy wrath
Missiles
 d - a throwing net (quivered)
 e - a javelin
 J - 2 silver javelins
Armour
 c - a +1 helmet (worn)
 n - a +0 pair of boots (worn)
 x - a +0 leather armour (worn)
Jewellery
 s - an amulet of faith
 t - a ring of willpower (left hand)
 y - a ring of fire
 C - a ring of magical power
Scrolls
 f - 4 scrolls of teleportation
 g - a scroll of poison
 h - a scroll of enchant armour
 q - a scroll of acquirement {unknown}
 u - a scroll of immolation {unknown}
 z - a scroll of torment
 B - a scroll of blinking {unknown}
 F - a scroll of summoning {unknown}
 G - 3 scrolls of butterflies
 H - a scroll of magic mapping {unknown}
 K - 3 scrolls of vulnerability {unknown}
 L - a scroll of identify
Potions
 i - 2 potions of curing {unknown}
 j - a potion of mutation {unknown}
 k - a potion of cancellation {unknown}
 l - 2 potions of magic {unknown}
 m - 3 potions of invisibility
 o - a potion of lignification {unknown}
 p - a potion of brilliance {unknown}
 r - a potion of ambrosia {unknown}
 v - a potion of haste {unknown}
 A - 3 potions of flight {unknown}
 D - 3 potions of resistance {unknown}
 E - a potion of heal wounds {unknown}
 I - a potion of attraction {unknown}


   Skills:
 - Level 2.1 Fighting
 - Level 10.0 Polearms
 - Level 2.0 Throwing
 + Level 8.7 Dodging


You had 7 spell levels left.
You didn't know any spells.
Your spell library contained the following spells:

 Spells                   Type           Power      Damage    Failure   Level
 Necrotise                Necr           0%         1d4       50%         1
 Ensorcelled Hibernation  Hex/Ice        0%         N/A       65%         2
 Passwall                 Tmut/Erth      0%         N/A       65%         2
 Swiftness                Air            0%         N/A       86%         3
 Vampiric Draining        Necr           0%         2d6       86%         3
 Animate Dead             Necr           0%         N/A       99%         4
 Agony                    Necr           0%         N/A       100%        5
 Borgnjor's Vile Clutch   Necr/Erth      0%         N/A       100%        5
 Freezing Cloud           Conj/Ice/Air   0%         6-21      100%        5
 Lee's Rapid Deconstruct  Erth           0%         3d5*      100%        5
 Metabolic Englaciation   Hex/Ice        0%         N/A       100%        5
 Death Channel            Necr           0%         N/A       100%        6


Dungeon Overview and Level Annotations

Branches:
Dungeon (5/15)             Temple (1/1) D:5           Sewer (visited)

Altars:
Ashenzari
Cheibriados
Dithmenos
Elyvilon
Fedhas
Gozag
Hepliaklqana
Kikubaaqudgha
Makhleb
Nemelex Xobeh
Okawaru
Qazlal
Ru
Sif Muna
Trog
Uskayaw
Vehumet
Wu Jian
Xom
Yredelemnul
The Shining One

Shops:
D:4 *


Innate Abilities, Weirdness & Mutations

((You are very nimble when in or above water. (Stealth+, EV+, Speed+++)))
Your lower body shifts to a powerful aquatic tail in water.


Message History

A centaur comes into view.
The centaur shouts!
You hit the jelly but do no damage.
Your hands burn!
The jelly is moderately wounded.
The centaur wields a +0 shortbow.
The centaur shoots an arrow.
The arrow closely misses you. The jelly closely misses you.
You hit the jelly.
Your hands burn!
The jelly is heavily wounded.
The centaur shoots an arrow.
The arrow misses you. The jelly misses you.
You hit the jelly. The acid corrodes you!
Your hands burn!
The jelly is severely wounded.
The centaur shoots an arrow.
The arrow barely misses you. The jelly hits you.
You are splashed with acid!
You hit the jelly but do no damage.
Your hands burn!
The jelly is severely wounded.
The centaur shoots an arrow.
The arrow closely misses you.
The centaur shoots an arrow.
The arrow completely misses you. The jelly attacks as you move away!
The jelly completely misses you.
The centaur shoots an arrow.
The arrow hits you! The jelly attacks as you move away!
The jelly barely misses you.
The centaur shoots an arrow.
The arrow hits you!
* * * LOW HITPOINT WARNING * * *
Okay, then.
Okay, then.
Okay, then.
Unknown command.
Throw: 2 throwing nets
Press: ? - help, Shift-Dir - straight line, f - centaur, p - jelly
Aim: a centaur, wielding a +0 shortbow and quivering stones (71% to hit)
You throw a throwing net. The throwing net hits the centaur.
The centaur is caught in the net!
The centaur struggles against the net.
The jelly misses you.
The centaur struggles against the net.
You hit the jelly.
Your hands burn!
* * * LOW HITPOINT WARNING * * *
The jelly is almost dead.
The jelly hits you.
* * * LOW HITPOINT WARNING * * *
The acid corrodes you!
You are splashed with acid!
You die...

... ............).......
.... ########...######...
....### #...# #... .......
######...# #... .......
#......### #...
.......###.......##### #...
#####..............# #...
........#J....<......# ####
######..#.@<..[......######
.........................
........[#.......###.#####.
.......c.........# #.# ##'
.......#.#.#[)#.#.###.# #..
..............#+#.....# #..
.........#.......###### #..
.. ............# #..
#.##.###......# #..


You could see a centaur (caught) and a jelly.

Vanquished Creatures
  A water moccasin (D:5)
  An ogre (D:4)
  A necrophage (D:5)
  3 scorpions
  2 orc priests (D:5)
  3 hounds
  Terence (D:2)
  An iguana (D:5)
  An orc wizard (D:4)
  4 gnolls (D:4)
  5 river rats
  9 adders
  An ufetubus (D:5)
  4 worms
  A dart slug (D:5)
  16 orcs
  16 ball pythons
  8 endoplasms
  4 giant cockroaches
  7 goblins
  10 hobgoblins
  8 jackals
  7 kobolds
  10 quokkas
  6 bats
  5 frilled lizards
  8 rats
143 creatures vanquished.

Vanquished Creatures (others)
  14 plants (Sewer)
14 creatures vanquished.

Grand Total: 157 creatures vanquished

Notes
Turn   | Place    | Note
-------+----------+-------------------------------------------
     0 | D:1      | devnull the Merfolk Gladiator began the quest for the Orb.
     0 | D:1      | Reached XP level 1. HP: 16/16 MP: 1/1
   330 | D:1      | Reached XP level 2. HP: 17/22 MP: 2/2
   461 | D:1      | Reached skill level 5 in Polearms
   934 | D:2      | Reached XP level 3. HP: 21/27 MP: 3/3
  1056 | D:2      | Found a faded altar of an unknown god.
  1179 | D:2      | Reached skill level 6 in Polearms
  1299 | D:2      | Got the Volume of Frostbitten Spelunking
  1520 | D:2      | Identified the +5 mace of Dim Light {venom, +Blink rPois
                  | rC- Dex-5}
  1594 | D:2      | Noticed Terence
  1608 | D:2      | Killed Terence
  1609 | D:2      | Reached XP level 4. HP: 21/33 MP: 4/4
  1849 | D:2      | Reached skill level 7 in Polearms
  2398 | D:3      | Reached XP level 5. HP: 38/38 MP: 5/5
  2916 | D:4      | Reached skill level 8 in Polearms
  2977 | D:4      | Reached XP level 6. HP: 33/44 MP: 6/6
  3012 | D:4      | Found a glowing drain.
  3096 | Sewer    | Entered a sewer
  3208 | Sewer    | Reached skill level 9 in Polearms
  4059 | D:4      | Reached skill level 10 in Polearms
  4091 | D:4      | Reached XP level 7. HP: 50/50 MP: 7/7
  4202 | D:4      | Reached skill level 5 in Dodging
  4316 | D:4      | Found Izat's Incredible Inventory.
  4333 | D:4      | Bought a scroll of identify for 26 gold pieces
  4645 | D:5      | Entered Level 5 of the Dungeon
  4862 | D:5      | Found a staircase to the Ecumenical Temple.
  4924 | Temple   | Entered the Ecumenical Temple
  5168 | Temple   | Became a worshipper of the Shining One
  5204 | D:5      | Reached XP level 8. HP: 49/56 MP: 8/8
  5668 | D:5      | Splashed by a jelly's acid

Illustrated notes

Levels and vault maps discovered:
D:1:      moated_graveyard_arrival, layout_basic
D:2:      layout_loops_cross, nicolae_ecumenical_snake_handling,
          minmay_ruptured, uniq_terence
D:3:      layout_basic, chequers_serial_rivers_marsh, chequers_garden
D:4:      layout_rooms, lightli_sewer_entry_pipes, nicolae_alphabet_shops
D:5:      layout_basic, minmay_temple_entry_glass
Temple:   grunt_wide_crystal_templ

Skill      XL: |  1  2  3  4  5  6  7  8 |
---------------+-------------------------+-----
Polearms       | 5 6 7 8 10 | 10.0
Dodging        | 7 8 |  8.7
Fighting       | |  2.1
Throwing       | |  2.0

Action                   |  1- 3 |  4- 6 |  7- 9 || total
-------------------------+-------+-------+-------++-------
Melee: Trident           |   151 |   238 |   201 ||   590
       Punch             |       |     3 |     2 ||     5
       Tailslap          |       |    14 |       ||    14
Throw: Javelin           |     1 |       |       ||     1
       Throwing net      |       |       |     4 ||     4
  Use: Scroll            |     1 |     4 |     2 ||     7
 Stab: Sleeping          |     2 |     9 |       ||    11
Armor: Leather armour    |    30 |    23 |    24 ||    77
Dodge: Dodged            |   106 |   104 |   101 ||   311
